Description

Credit to SC2 Swarm

Build Order

Get SALT Encoding   

  13  00:12  Overlord  
  17  00:53  Hatchery  
  18  1:04  Extractor  
  17  1:16  Spawning Pool  
  20  1:49  Overlord  
  21  2:03  Action 2 Queens | Metabolic | 2 Lings | Gas drones  
  30  2:43  Hatchery  
  33  2:57  Overlord  
  33  3:02  Queen  
  35  3:40  Lair @100 gas  
  38  4:00  Extractor x2 Drones back on gas  
  42  4:30  Extractor  
  43  4:40  Hydralisk Den @Lair  
  44  4:45  Muscular Augments @Hydralisk Den  
  48  4:50  Action Go Go Go  
Spawning Tool Build Advisor. Get it on Overwolf

Go to:

Details

  • Created by: jpcase104
  • Published on: Jan 06, 2018
  • Modified on: Jan 06, 2018
  • Patch: 4.0.0
Show
View Real Time Build Order
Export as new Build Order

Comments (2)

On March 24, 2018, 1:41 p.m., Haighstrom  said:

Why is this called a 54 drone Hydra Ling all-in, when at 48 supply (including 3 queens) it says to go go go?

On March 24, 2018, 1:33 p.m., Haighstrom  said:

The 2:03 instruction should read "take 2 drones off gas".

Create an account to comment!